 Dungeon Crawl Stone Soup version 0.31-a0-214-gb37851dbb3 (webtiles) character file.

Game seed: 7466878587255026978

168 qw the Shooter (level 5, -2/45 HPs)
             Began as a Minotaur Hexslinger on July 1, 2023.
             Slain by an orc
             ... wielding a +3 short sword
              (3 damage)
             ... on level 3 of the Dungeon.
             The game lasted 00:01:02 (2117 turns).

qw the Shooter (Minotaur Hexslinger)                Turns: 2117, Time: 00:01:03

Health: -2/45      AC:  2    Str: 12    XL:     5   Next: 24%
Magic:  5/5        EV: 12    Int: 10    God:
Gold:   114        SH:  0    Dex: 15    Spells: 5/6 levels left

rFire   . . .        Y - +0 orcbow
rCold   . . .        (shield currently unavailable)
rNeg    . . .        c - +0 robe
rPois   .            (helmet restricted)
rElec   .            (no cloak)
rCorr   .            (no gloves)
SInv    .            (no boots)
Will    .....        (no amulet)
Stlth   +            (no ring)
HPRegen 0.27/turn    (no ring)
MPRegen 0.09/turn

%: no passive effects
@: no status effects
A: horns 2, retaliatory headbutt
a: no special abilities


You were on level 3 of the Dungeon.
You visited 1 branch of the dungeon, and saw 3 of its levels.

You collected 114 gold pieces.


Innate Abilities, Weirdness & Mutations

You have a pair of horns on your head.
You reflexively headbutt those who attack you in melee.


   Skills:
 - Level 3.1 Fighting
 + Level 5.4 Ranged Weapons
 - Level 2.1 Dodging
 - Level 1.0 Spellcasting
 - Level 2.0 Hexes


You had 5 spell levels left.
You knew the following spells:

 Your Spells              Type           Power      Damage    Failure   Level
a - Slow                  Hex            16%        N/A       16%         1

Your spell library contained the following spells:

 Spells                   Type           Power      Damage    Failure   Level
 Inner Flame              Hex/Fire       2%         N/A       56%         3
 Portal Projectile        Hex/Tloc       4%         N/A       56%         3
 Cause Fear               Hex            2%         N/A       83%         4

Inventory:

Hand Weapons
 Y - a +0 orcbow (weapon)
Armour
 c - a +0 robe (worn)
Scrolls
 e - a scroll of identify
 f - a scroll of acquirement {unknown}
Potions
 a - a potion of cancellation
 b - a potion of haste {unknown}
 d - a potion of berserk rage {unknown}

Dungeon Overview and Level Annotations

Branches:
Dungeon (3/15)

Altars:
Zin

Shops:
D:1 [?(


Message History

The magic dart hits you!
You shoot an arrow. The arrow closely misses the orc.
The orc hits you with a +0 hand axe.
You shoot an arrow. The arrow hits the orc.
The orc is lightly wounded.
Something hits you. The orc barely misses you.
You shoot an arrow. The arrow hits the orc.
The orc is almost dead.
The jackal barks!
Something hits you. The orc misses you.
You shoot an arrow. The arrow closely misses the orc.
Something hits you. The orc hits you but does no damage. x2
Something hits you but does no damage.
You shoot an arrow. The arrow barely misses the orc.
The orc closely misses you. Something hits you.
The orc hits you with a +0 hand axe.
You shoot an arrow.
The arrow hits the orc but does no damage.
The orc is almost dead.
A hound comes into view.
The orc hits you with a +3 short sword. Something hits you.
The orc barely misses you.
You shoot an arrow. The arrow barely misses the orc.
The hound barks!
Something hits you but does no damage. The orc hits you with a +3 short sword.
The orc closely misses you.
You shoot an arrow. The arrow hits the orc!
You kill the orc!
An orc wizard appears from thin air!
Reactivating autopickup.
The orc wizard barely misses you. You furiously retaliate!
You headbutt the orc wizard. The orc barely misses you.
You furiously retaliate!
You headbutt the orc, but do no damage. The orc hits you but does no damage.
The orc wizard hits you with a +0 dagger.
A kobold comes into view. It is wielding a +0 whip.
You shoot an arrow.
The arrow closely misses the orc wizard.
The kobold shouts!
The orc hits you with a +3 short sword.
You die...

~ ~~###........# ..
#~~#...#...%.#####
}.#~~#.}.#..##...%.###
.#~~#...#.#######.#..
K###~..~###..# #....
.............# ##...
..........## ##..
##ho.##.#### ###
#.#@......##
#ho)#####..#
.#.#####..##._.##.#
...........##'##..#
....####..........# .
#..8.....8.# #
#)#..8.8..## #.
#.#......## /.
#.#....###


You could see a hound, an orc wizard, an orc, a jackal and a kobold.

Vanquished Creatures
  Natasha (thrice) (D:2)
  4 adders
  2 worms
  3 orcs (D:3)
  7 endoplasms
  2 giant cockroaches
  5 goblins
  3 hobgoblins
  A jackal (D:3)
  4 kobolds
  2 quokkas
  A ball python (D:1)
  10 bats
  2 frilled lizards (D:2)
  4 rats
53 creatures vanquished.

Notes
Turn   | Place    | Note
-------+----------+-------------------------------------------
     0 | D:1      | qw the Minotaur Hexslinger began the quest for the Orb.
     0 | D:1      | Reached XP level 1. HP: 16/16 MP: 1/1
     0 | D:1      | 0 ||| qw: Version: 0.3-a-32-g5962c71
     0 | D:1      | 0 ||| qw: Game counter: 7499
     0 | D:1      | 0 ||| qw: Melee chars always use a shield: true
     0 | D:1      | 0 ||| qw: God list: Okawaru
     0 | D:1      | 0 ||| qw: Allow faded altars: false
     0 | D:1      | 0 ||| qw: Do Orc after clearing Dungeon:15 true
     0 | D:1      | 0 ||| qw: Do second Lair branch before Depths: true
     0 | D:1      | 0 ||| qw: Lair rune preference: random
     0 | D:1      | 0 ||| qw: Goals: Normal
     0 | D:1      | 0 ||| PLANNING D:1-11
     9 | D:1      | Found a faded altar of an unknown god.
   238 | D:1      | Found Jahionot's Weapon Shop.
   256 | D:1      | Found Dodwouk's Magic Scroll Emporium.
   258 | D:1      | Found Fehetuz's Antique Armour Boutique.
   262 | D:1      | Reached skill level 3 in Ranged Weapons
   265 | D:1      | Reached XP level 2. HP: 23/23 MP: 2/2
   267 | D:1      | 267 ||| SHOPLISTING scroll of enchant weapon (90 gold, have
                  | 23).
   267 | D:1      | 267 ||| SHOPLISTING scroll of identify (24 gold, have 23).
   267 | D:1      | 267 ||| SHOPLISTING scroll of teleportation (36 gold, have
                  | 23).
   332 | D:1      | 332 ||| SHOPLISTING leather armour (38 gold, have 23).
   332 | D:1      | 332 ||| SHOPLISTING pair of gloves (85 gold, have 23).
   332 | D:1      | 332 ||| SHOPLISTING ring mail (76 gold, have 23).
   332 | D:1      | 332 ||| SHOPLISTING thick robe (108 gold, have 23).
   332 | D:1      | 332 ||| SHOPLISTING transparent leather armour (133 gold,
                  | have 23).
   370 | D:1      | 370 ||| SWAPPING to +0 orcbow.
   371 | D:1      | 371 ||| DROPPING +1 sling.
   637 | D:1      | 637 ||| READING scroll labelled TOIRPHAWKOYJA.
   657 | D:1      | 657 ||| READING 2 scrolls labelled KELIUP WICUL.
   660 | D:1      | 660 ||| READING scroll labelled PYVOMN BEUBEER.
   665 | D:1      | 665 ||| READING scroll labelled GAOKUTUTIKH.
   666 | D:1      | 666 ||| DROPPING scroll of poison.
   830 | D:2      | Reached XP level 3. HP: 29/29 MP: 3/3
   889 | D:2      | Noticed Natasha
   895 | D:2      | Killed Natasha
   896 | D:2      | Reached skill level 4 in Ranged Weapons
  1157 | D:2      | Reached XP level 4. HP: 24/36 MP: 4/4
  1595 | D:2      | Noticed Natasha
  1607 | D:2      | Killed Natasha
  1608 | D:2      | Reached skill level 5 in Ranged Weapons
  1608 | D:2      | Noticed Natasha
  1616 | D:2      | Killed Natasha
  1710 | D:2      | 1710 ||| READING 3 scrolls of identify.
  1710 | D:2      | 1710 ||| IDENTIFYING cyan potion
  1711 | D:2      | 1711 ||| READING 2 scrolls of identify.
  1711 | D:2      | 1711 ||| IDENTIFYING blue potion
  1712 | D:2      | 1712 ||| DROPPING potion of degeneration.
  1822 | D:3      | Reached XP level 5. HP: 41/44 MP: 5/5
  1965 | D:3      | Reached skill level 3 in Fighting
  2069 | D:3      | Found a glowing silver altar of Zin.
  2086 | D:3      | 2086 ||| Stepping ~*~*~tactically~*~*~ (outnumbered).
  2093 | D:3      | 2093 ||| FLEEEEING.
  2098 | D:3      | 2098 ||| FLEEEEING.
  2099 | D:3      | 2099 ||| FLEEEEING.
  2101 | D:3      | 2101 ||| FLEEEEING.
  2102 | D:3      | 2102 ||| FLEEEEING.
  2103 | D:3      | 2103 ||| FLEEEEING.
  2104 | D:3      | 2104 ||| FLEEEEING.
  2105 | D:3      | 2105 ||| FLEEEEING.
  2106 | D:3      | 2106 ||| FLEEEEING.
  2114 | D:3      | HP: 8/45 [orc/+3 short sword (5)]
  2115 | D:3      | HP: 2/45 [orc/+3 short sword (4)]
  2117 | D:3      | Slain by an orc

Levels and vault maps discovered:
D:1:      lightli_molten_gateway, layout_loops_ring, serial_shops,
          nicolae_shop_stone, shop, shop, dreamdust_ecumenical_altar_grove,
          grunt_decor_resistance
D:2:      layout_basic, minmay_puff, uniq_natasha
D:3:      layout_basic, zin_statuary, nicolae_concentric_dashed_squares_wild,
          fountainhead

Skill      XL: |  1  2  3  4  5 |
---------------+----------------+-----
Ranged Weapons | 3 4 5 |  5.4
Fighting       | 2 3 |  3.1
Dodging        | |  2.1
Spellcasting   | |  1.0
Hexes          | |  2.0

Action                     |  1- 3 |  4- 6 || total
---------------------------+-------+-------++-------
   Fire: Sling             |    33 |       ||    33
         Orcbow            |    70 |    76 ||   146
    Use: Scroll            |     4 |     2 ||     6
 Armour: Robe              |    13 |    12 ||    25
  Dodge: Dodged            |    36 |    32 ||    68

Table legend:
 A = Non-vault XP
 B = Vault XP
 C = Vault XP percentage of total XP
 D = Non-vault monster count
 E = Vault monster count
 F = Vault count percentage of total count
                 A         B        C        D         E       F
            +---------+---------+-------+---------+---------+-------
      Total |     183 |      58 |  24.1 |      45 |       8 |  15.1
            +---------+---------+-------+---------+---------+-------
        D:1 |      20 |       0 |   0.0 |      13 |       0 |   0.0
        D:2 |     112 |      58 |  34.1 |      20 |       8 |  28.6
        D:3 |      51 |       0 |   0.0 |      12 |       0 |   0.0
            +---------+---------+-------+---------+---------+-------
